 Dungeon Crawl Stone Soup version 0.29.1-15-g9cfb28693d (webtiles) character file.

Game seed: 6206531014335500604

67 Cheops the Slasher (level 3, -3/27 HPs)
             Began as a Demonspawn Gladiator on Apr 9, 2023.
             Killed from afar by Natasha (5 damage)
             ... with a magic dart
             ... on level 2 of the Dungeon on Apr 10, 2023.
             The game lasted 00:01:24 (1753 turns).

Cheops the Slasher (Demonspawn Gladiator)           Turns: 1753, Time: 00:01:24

Health: -3/27      AC:  5    Str: 20    XL:     3   Next: 98%
Magic:  3/3        EV: 12    Int:  9    God:
Gold:   75         SH:  0    Dex: 16    Spells: 2/2 levels left

rFire   . . .      SeeInvis .   a - +0 long sword
rCold   . . .      Faith    .   (no shield)
rNeg    . . .      Spirit   .   b - +0 leather armour
rPois   .          Reflect  .   c - +0 helmet
rElec   .          Harm     .   (no cloak)
rCorr   .          Rampage  .   (no gloves)
Will    .....                   (no boots)
Stlth   +.........              (no amulet)
HPRegen 0.09/turn               p - +6 ring of strength
MPRegen 0.08/turn               q - ring of flight

@: flying
A: rugged brown scales 1, demonic touch 1
a: no special abilities


You were on level 2 of the Dungeon.
You visited 1 branch of the dungeon, and saw 2 of its levels.

You collected 75 gold pieces.

Inventory:

Hand Weapons
 a - a +0 long sword (weapon)
Missiles
 d - 3 throwing nets (quivered)
 e - a javelin
Armour
 b - a +0 leather armour (worn)
 c - a +0 helmet (worn)
Jewellery
 p - a +6 ring of strength (left hand)
 q - a ring of flight (right hand)
Scrolls
 f - a scroll of enchant armour {unknown}
 g - a scroll of enchant weapon {unknown}
 h - 2 scrolls of poison {unknown}
 j - 2 scrolls of immolation {unknown}
 l - a scroll of acquirement {unknown}
 n - 2 scrolls of identify {unknown}
 r - a scroll of teleportation {unknown}
Potions
 i - a potion of brilliance {unknown}
 k - a potion of cancellation {unknown}
 m - a potion of curing
 o - a potion of attraction {unknown}
 s - a potion of lignification {unknown}
 t - a potion of flight {unknown}


   Skills:
 - Level 2.0 Fighting
 + Level 4.4 Long Blades
 - Level 1.7 Throwing
 - Level 2.6 Dodging


You had 2 spell levels left.
You didn't know any spells.
Your spell library was empty.

Dungeon Overview and Level Annotations

Branches:
Dungeon (2/15)

Altars:

Annotations:
D:2 Natasha


Innate Abilities, Weirdness & Mutations

You are partially covered in rugged brown scales. (AC +1, +3% HP)
Your touch may inflict minor irresistible damage on your foes.


Message History

Natasha yowls pathetically as she dies!
You are too injured to fight recklessly!
You are too injured to fight recklessly!
You are too injured to fight recklessly!
You are too injured to fight recklessly!
You are too injured to fight recklessly!
You are too injured to fight recklessly!
You are too injured to fight recklessly!
There is an open door here.
There is a stone staircase leading down here.
There is an open door here.
Natasha, Servant of Life and Death comes into view.
Natasha moves out of view.
Natasha growls.
Natasha mewls in sadness.
Natasha is nearby!
Natasha claws you but does no damage.
You barely miss Natasha. Natasha barely misses you.
You hit Natasha. Your touch misses Natasha.
Natasha is heavily wounded.
Natasha claws you. Natasha closely misses you.
You hit Natasha but do no damage.
Natasha is heavily wounded.
Natasha misses you.
You hit Natasha.
Natasha is severely wounded.
Natasha drinks a potion.
Natasha is healed!
You closely miss Natasha.
Natasha is moderately wounded.
Natasha claws you!
You hit Natasha but do no damage.
You touch Natasha!
Natasha is almost dead.
Natasha claws you!
* * * LOW HITPOINT WARNING * * *
You hit Natasha.
Natasha is almost dead.
Natasha claws you.
* * * LOW HITPOINT WARNING * * *
Natasha stares at you and mumbles some strange words.
The magic dart hits you.
You die...

#.###.###...8...##.# # #.#
##.....###.# ###.# #.#
#.._..# #.#
.>...##)####.....###.#
...<......#.......##.#####
.......#..#..###..#.......
.....#....'###)###'.......
......(##.......#.........
....#...h@......#.........
... ##...##...###.........
### #...###..............
#...# #..##.......... #...#
#.............. ######.#
#.............. #...##.#
#..............
######...##.###.....#########
#...<....##...##..........###


You could see Natasha.

Vanquished Creatures
  Natasha (D:2)
  A dart slug (D:2)
  2 ball pythons (D:2)
  8 endoplasms
  2 giant cockroaches
  3 goblins
  3 hobgoblins (D:1)
  4 jackals (D:1)
  5 bats
  A frilled lizard (D:1)
  5 kobolds
  3 rats
38 creatures vanquished.

Notes
Turn   | Place    | Note
-------+----------+-------------------------------------------
     0 | D:1      | Cheops the Demonspawn Gladiator began the quest for the
                  | Orb.
     0 | D:1      | Reached XP level 1. HP: 16/16 MP: 1/1
   196 | D:1      | Reached skill level 3 in Long Blades
   443 | D:1      | Gained mutation: Your touch may inflict minor irresistible
                  | damage on your foes. [demonic ancestry]
   443 | D:1      | Reached XP level 2. HP: 22/22 MP: 2/2
  1150 | D:2      | Gained mutation: You are partially covered in rugged brown
                  | scales. (AC +1, +3% HP) [demonic ancestry]
  1150 | D:2      | Reached XP level 3. HP: 21/27 MP: 3/3
  1479 | D:2      | Found a faded altar of an unknown god.
  1511 | D:2      | Reached skill level 4 in Long Blades
  1581 | D:2      | Noticed Natasha
  1586 | D:2      | Killed Natasha
  1742 | D:2      | Noticed Natasha
  1753 | D:2      | Killed from afar by Natasha

Illustrated notes

Levels and vault maps discovered:
D:1:      dpeg_arrival_rhombus, layout_loops_corners, minmay_misc_feat_alley
D:2:      layout_basic, hellmonk_ecumenical_altar_slurped_away, uniq_natasha

Skill      XL: |  1  2  3 |
---------------+----------+-----
Long Blades    | 3 4 |  4.4
Fighting       | |  2.0
Throwing       | |  1.7
Dodging        | |  2.6

Action                   || total
-------------------------++-------
Melee: Long sword        ||    76
       Touch             ||    16
 Stab: Sleeping          ||     1
Armor: Leather armour    ||    26
Dodge: Dodged            ||    55
